 Dungeon Crawl Stone Soup version 0.30-a0-57-g8b159a9891 (webtiles) character file.

Game seed: 18249430613949982793

78406 Majang the Thaumaturge (level 15, -13/91 HPs)
             Began as a Gargoyle Earth Elementalist on Aug 26, 2022.
             Was a High Priest of Vehumet.
             Mangled by a pharaoh ant (14 damage)
             ... on level 1 of the Spider Nest on Sept 11, 2022.
             The game lasted 02:28:39 (28020 turns).

Majang the Thaumaturge (GrEE)                      Turns: 28020, Time: 02:28:40

Health: -13/91     AC: 25    Str: 14    XL:     15   Next: 60%
Magic:  24/31      EV: 12    Int: 34    God:    Vehumet [*****.]
Gold:   2214       SH:  5    Dex:  6    Spells: 13/39 levels left

rFire   . . .      SeeInvis +    l - +11 spear of Guile {vorpal, Int+2}
rCold   + . .      Faith    .    j - +0 buckler
rNeg    + . .      Spirit   .    A - +1 steam dragon scales
rPois   ∞          Reflect  .    h - +1 hat {Int+3}
rElec   +          Harm     .    D - +2 cloak
rCorr   .          Rampage  .    F - +2 pair of gloves
Will    +....                    P - +0 pair of boots
Stlth   +.........               i - amulet of the acrobat
HPRegen 0.25/turn                L - ring of Weisyl {Ice Int+6 Dex-4 Slay+4}
MPRegen 0.22/turn                K - ring "Ykaubyas" {rF+ Str+2 SInv}

@: flying
A: sickness immunity, AC +11, big wings, negative energy resistance 1,
electricity resistance, torment resistance 1, petrification resistance
a: Renounce Religion


You were on level 1 of the Spider Nest.
You worshipped Vehumet.
Vehumet was extremely pleased with you.
You visited 5 branches of the dungeon, and saw 21 of its levels.
You also visited: Volcano.

You collected 2456 gold pieces.
You spent 242 gold pieces at shops.

Inventory:

Hand Weapons
 l - the +11 spear of Guile (weapon) {vorpal, Int+2}
   (You found it on level 4 of the Dungeon)

   It inflicts extra damage upon your enemies.
   Int:       It affects your intelligence (+2).
 J - a +4 scimitar of flaming
Missiles
 R - 2 silver javelins
Armour
 h - a +1 hat of intelligence (worn)
 j - a +0 buckler (worn)
 A - +1 steam dragon scales (worn)
 D - a +2 cloak (worn)
 F - a +2 pair of gloves (worn)
 O - a +2 robe of cold resistance
 P - a +0 pair of boots (worn)
Jewellery
 i - an amulet of the acrobat (around neck)
 B - the ring "Cuarat" {Wiz Will+}
   (You took it off a death knight on level 10 of the Dungeon)

   [ring of wizardry]

   It improves your spell success rate.
   Will:      It increases your willpower.
 K - the ring "Ykaubyas" (right hand) {rF+ Str+2 SInv}
   (You took it off an orc knight on level 10 of the Dungeon)

   [ring of see invisible]

   Str:       It affects your strength (+2).
   rF:        It protects you from fire.
   SInv:      It lets you see invisible.
 L - the ring of Weisyl (left hand) {Ice Int+6 Dex-4 Slay+4}
   (You found it on level 10 of the Dungeon)

   [ring of ice]

   It enhances your ice magic.
   Int:       It affects your intelligence (+6).
   Dex:       It affects your dexterity (-4).
   Slay:      It affects your accuracy & damage with ranged weapons and melee
   (+4).
   rF:        It makes you vulnerable to fire.
   rC:        It protects you from cold.
 M - the ring of Kostrak {rN+++ Will++ rCorr Int-3}
   (You found it on level 10 of the Dungeon)

   [ring of resist corrosion]

   Int:       It affects your intelligence (-3).
   rN:        It renders you almost immune to negative energy.
   rCorr:     It protects you from acid and corrosion.
   Will:      It greatly increases your willpower.
Wands
 k - a wand of acid (8)
 m - a wand of mindburst (7)
 r - a wand of digging (2)
 x - a wand of flame (10)
 y - a wand of polymorph (3)
 C - a wand of charming (6)
Scrolls
 d - 2 scrolls of blinking
 v - 2 scrolls of identify
 z - 5 scrolls of fear
 E - 2 scrolls of magic mapping
 G - 3 scrolls of immolation
 H - 4 scrolls of teleportation
 I - a scroll of enchant weapon
 N - 2 scrolls of amnesia
 Q - 2 scrolls of fog
Potions
 a - a potion of invisibility
 e - 5 potions of lignification
 g - 3 potions of brilliance
 o - 4 potions of mutation
 p - 3 potions of cancellation
 q - 8 potions of curing
 s - 2 potions of haste
 t - 2 potions of attraction
 w - a potion of magic
 S - a potion of heal wounds
Miscellaneous
 f - a phial of floods
 n - a tin of tremorstones (inert)


   Skills:
 + Level 9.4 Fighting
 - Level 8.0 Staves
 + Level 7.5 Dodging
 - Level 2.1 Stealth
 - Level 7.0 Shields
 * Level 12.5 Spellcasting
 + Level 10.2 Conjurations
 - Level 0.7 Transmutations
 + Level 9.4 Ice Magic
 + Level 11.9 Earth Magic
 + Level 7.9 Evocations


You had 13 spell levels left.
You knew the following spells:

 Your Spells              Type           Power      Damage    Failure   Level
a - Sandblast             Erth           100%       2d20      0%          1
b - Stone Arrow           Conj/Erth      100%       3d13      1%          3
c - Freezing Cloud        Conj/Ice/Air   39%        6-21      1%          5
h - Hailstorm             Conj/Ice       93%        3d18      1%          4
o - Ozocubu's Refrigerat  Ice            45%        4d17      12%         7
r - Frozen Ramparts       Ice            100%       1d16      1%          3
w - Passwall              Tmut/Erth      49%        N/A       1%          2
y - Apportation           Tloc           42%        N/A       2%          1

Your spell library contained the following spells:

 Spells                   Type           Power      Damage    Failure   Level
 Spellforged Servitor     Conj/Summ      27%        N/A       54%         7
 Freeze                   Ice            100%       1d11      1%          1
 Magic Dart               Conj           100%       1d8       1%          1
 Searing Ray              Conj           100%       2d8       1%          2
 Static Discharge         Conj/Air       100%       3-10/arc  1%          2
 Ignite Poison            Fire/Tmut/Pois 23%        N/A       1%          3
 Mephitic Cloud           Conj/Pois/Air  44%        N/A       1%          3
 Fulminant Prism          Conj/Hex       27%        3d14      1%          4
 Petrify                  Tmut/Erth      59%        N/A       1%          4
 Necrotise                Necr           84%        1d8       2%          1
 Sting                    Tmut/Pois      92%        1d7       2%          1
 Summon Small Mammal      Summ           84%        N/A       2%          1
 Animate Armour           Summ/Erth      100%       N/A       2%          4
 Lightning Bolt           Conj/Air       27%        1d43      2%          5
 Blink                    Tloc           42%        N/A       4%          2
 Call Imp                 Summ           21%        N/A       4%          2
 Olgreb's Toxic Radiance  Pois           21%        N/A       7%          4
 Lehudib's Crystal Spear  Conj/Erth      38%        10d10     41%         8
 Manifold Assault         Tloc           21%        N/A       58%         5
 Storm Form               Tmut/Air       11%        N/A       100%        7
 Maxwell's Capacitive Co  Air            10%        ∞         100%        8
 Polar Vortex             Ice            45%        N/A       100%        9


Dungeon Overview and Level Annotations

Branches:
Dungeon (12/15)            Temple (1/1) D:7            Lair (5/5) D:10
 Shoals (0/4) Lair:2       Spider (1/4) Lair:3        Slime (0/5) Lair:4
    Orc (2/2) D:12            Elf (0/3) Orc:2       Volcano (visited)

Altars:
Ashenzari
Cheibriados
Dithmenos
Elyvilon
Fedhas
Gozag
Hepliaklqana
Kikubaaqudgha
Makhleb
Nemelex Xobeh
Okawaru
Qazlal
Ru
Sif Muna
Trog
Uskayaw
Vehumet
Wu Jian
Xom
Yredelemnul
Zin
The Shining One
Jiyva

Shops:
D:8 :   Orc:1 :   Orc:2 (*(=[

Annotations:
D:7 exclusion: statue
Lair:3 3 runed translucent doors, fedoskokos's ghost, journeyman TrFi
Spider:1 1 runed translucent door, Plasmagod's ghost, adept DrTm


Innate Abilities, Weirdness & Mutations

You are immune to sickness and miasma.
Your stone body is resilient. (AC +11)
You are immune to poison.
Your large and strong wings let you fly.
You resist negative energy. (rN+)
You are resistant to electric shocks. (rElec)
You are resistant to unholy torment.
You are immune to petrification.


Message History

You start resting.
HP restored.
You start resting.
Magic restored.
You fly downwards.
Welcome back to the Spider Nest!
This branch contains the gossamer rune of Zot.
Level annotation: 1 runed translucent door, Plasmagod's ghost, adept DrTm The pharaoh ant bites you but does no damage.
The demonic crawler hits you. You block the demonic crawler's attack.
The demonic crawler hits you but does no damage.
The tarantella closely misses you. You block the pharaoh ant's attack.
The culicivora misses you. The pharaoh ant bites you!!
The demonic crawler hits you. x3
A redback comes into view.
The tarantella touches you but does no damage.
The pharaoh ant bites you!
There is a crawl-hole back to the Lair here.
Casting: Stone Arrow (safe; 1% risk of failure)
Confirm with . or Enter, or press ? or * to list all spells.
The spell is quite dangerous to miscast (12% risk of failure)!
Continue anyway?
You feel a surge of power!
The heat is drained from your surroundings.
The pharaoh ant is moderately damaged.
The redback is heavily wounded.
The tarantella is severely wounded.
The boulder beetle is severely wounded.
The demonic crawler resists.
The demonic crawler is lightly wounded.
The culicivora is moderately wounded.
The orb spider is heavily wounded.
The redback is severely wounded. x2
The pharaoh ant is lightly damaged.
The redback is heavily wounded.
The pharaoh ant bites you.
The demonic crawler barely misses you. x2
The demonic crawler hits you! The tarantella touches you!
* * * LOW HITPOINT WARNING * * *
The redback is healed somewhat.
You block the redback's attack. The pharaoh ant bites you!!
* * * LOW HITPOINT WARNING * * *
The pharaoh ant bites you!
You die...

##....###....# ###
##.....#..†..##.
##.####......#.s......
#.....##..#...Bs......
##!....#####.†.###....
####.......†.##⌠##...
#.......ss.##...##..
#..##.?sss##..!..##.
####..s@B.+W..♣?.⌠#.
#....#.B.##..?..##.
###...#....##...##.
#...#.#.....##⌠##.
#...###......###..
#....###.?......
###.## ##..... ###
...##


You could see a boulder beetle, a demonic crawler, an orb spider, a culicivora,
2 pharaoh ants, a tarantella, 4 redbacks and Plasmagod's ghost.

Vanquished Creatures
  Gastronok (Orc:1)
  An emperor scorpion (Lair:3)
  A ghost moth (Lair:3)
  An ettin (Orc:2)
  A fire dragon (D:10)
  Erolcha (D:9)
  A boulder beetle (Lair:5)
  6 hydras
  A death knight (D:10)
  Erica (D:10)
  A radroach (Spider:1)
  A centaur warrior (D:10)
  2 two-headed ogres (D:10)
  7 death yaks (Lair:5)
  Urug (Orc:1)
  A pharaoh ant (Spider:1)
  Lodul (D:11)
  7 orc knights
  A wolf spider (Spider:1)
  3 orc sorcerers
  2 manticores
  3 ugly things
  9 elephants
  Maurice (D:8)
  A merfolk siren (Lair:2)
  A cyclops (D:12)
  3 gargoyles (Volcano)
  A moth of wrath (Spider:1)
  4 black mambas
  Joseph (D:9)
  A molten gargoyle (Volcano)
  12 cane toads
  2 rime drakes
  2 demonic crawlers
  2 unseen horrors
  A tengu conjurer (D:10)
  8 komodo dragons
  2 trolls (Orc:2)
  A meliai (Lair:3)
  7 hornets
  5 polar bears
  16 slime creatures
  Grinder (D:4)
  3 tarantellas (Spider:1)
  10 blink frogs
  9 dream sheep (Lair:5)
  13 spriggans (Lair:5)
  A shadow (D:10)
  A jumping spider (Spider:1)
  3 culicivoras (Spider:1)
  2 vampires
  3 wraiths
  44 yaks
  3 wyverns
  4 steam dragons
  7 basilisks
  3 redbacks (Spider:1)
  8 vampire mosquitoes
  Menkaure (D:4)
  Edmund (D:4)
  8 wargs
  10 water moccasins
  2 acid dragons
  2 ice beasts (D:5)
  39 orc warriors
  5 black bears
  27 wolves
  20 ogres
  2 boggarts (Lair:5)
  8 centaurs
  2 phantoms
  4 kobold brigands
  4 necrophages
  6 bullfrogs
  7 scorpions
  A wight (D:10)
  17 killer bees
  An electric eel (Lair:3)
  3 howler monkeys
  A bullfrog zombie (D:4)
  2 jellies
  11 orc priests
  3 hounds
  A gnoll bouda (Orc:2)
  Jessica (D:2)
  Ijyb (D:4)
  2 iguanas
  21 orc wizards
  2 hell rats (Lair:2)
  8 gnolls
  4 adders
  6 river rats (Lair:2)
  A shadow imp (D:6)
  4 white imps
  2 ufetubi (D:5)
  3 worms
  11 dart slugs
  84 orcs
  7 bats
  6 endoplasms
  A giant cockroach (D:3)
  4 goblins
  4 hobgoblins
  9 jackals
  43 kobolds
  5 quokkas
  5 ball pythons
  2 frilled lizards (D:1)
  8 rats
672 creatures vanquished.

Vanquished Creatures (collateral kills)
  2 tengu conjurers (D:10)
2 creatures vanquished.

Vanquished Creatures (others)
  A troll (D:10)
  A yak (D:10)
  A bush (Lair:5)
  32 fungi
  99 plants
134 creatures vanquished.

Grand Total: 808 creatures vanquished

Notes
Turn   | Place    | Note
-------+----------+-------------------------------------------
     0 | D:1      | Majang the Gargoyle Earth Elementalist began the quest for
                  | the Orb.
     0 | D:1      | Reached XP level 1. HP: 10/10 MP: 3/3
   221 | D:1      | Reached XP level 2. HP: 15/15 MP: 3/5
   917 | D:2      | Reached skill level 3 in Spellcasting
   917 | D:2      | Reached XP level 3. HP: 14/19 MP: 2/7
   921 | D:2      | Learned a level 3 spell: Stone Arrow
  1209 | D:2      | Noticed Jessica
  1211 | D:2      | Killed Jessica
  1212 | D:2      | Reached XP level 4. HP: 24/24 MP: 6/9
  1300 | D:2      | You fall into a shaft and drop 1 floor!
  1312 | D:3      | Found a faded altar of an unknown god.
  1384 | D:3      | Learned a level 3 spell: Frozen Ramparts
  1394 | D:3      | Noticed an ogre
  1399 | D:3      | Found a shimmering altar of Xom.
  1401 | D:3      | Found a shimmering altar of Xom.
  1402 | D:3      | Found a shimmering altar of Xom.
  1402 | D:3      | Found a shimmering altar of Xom.
  1406 | D:3      | Reached skill level 1 in Conjurations
  2287 | D:3      | Found a glowing silver altar of Zin.
  2287 | D:3      | Found an opulent altar of Gozag.
  2287 | D:3      | Found a stormy altar of Qazlal.
  2524 | D:3      | Killed an ogre
  2525 | D:3      | Reached skill level 1 in Ice Magic
  2525 | D:3      | Reached XP level 5. HP: 28/28 MP: 6/10
  2605 | D:3      | Reached skill level 4 in Spellcasting
  3141 | D:4      | Noticed a phantom
  3143 | D:4      | Found a basalt altar of Yredelemnul.
  3145 | D:4      | Noticed Menkaure
  3148 | D:4      | Found an ancient bone altar of Kikubaaqudgha.
  3164 | D:4      | Found a transporter.
  3166 | D:4      | Found a transporter.
  3174 | D:4      | Noticed an ogre
  3178 | D:4      | Killed an ogre
  3179 | D:4      | Reached skill level 5 in Earth Magic
  3179 | D:4      | Reached XP level 6. HP: 32/32 MP: 8/12
  3268 | D:4      | Noticed a black bear
  3286 | D:4      | Killed a black bear
  3332 | D:4      | Noticed Ijyb
  3343 | D:4      | Killed Ijyb
  3494 | D:4      | Found an ornate altar of the Wu Jian Council.
  3507 | D:4      | Noticed Grinder
  3509 | D:4      | Reached XP level 7. HP: 36/36 MP: 9/14
  3708 | D:4      | Killed Grinder
  3709 | D:4      | Reached skill level 5 in Spellcasting
  3833 | D:4      | Noticed Edmund
  3847 | D:4      | Killed Edmund
  3849 | D:4      | Reached XP level 8. HP: 40/42 MP: 13/16
  3935 | D:4      | Reached skill level 1 in Fighting
  4294 | D:5      | Entered Level 5 of the Dungeon
  4369 | D:5      | Reached skill level 1 in Evocations
  4673 | D:5      | Reached skill level 1 in Staves
  4784 | D:5      | Reached skill level 6 in Spellcasting
  5221 | D:5      | Reached XP level 9. HP: 46/49 MP: 14/18
  5300 | D:5      | Found a white marble altar of Elyvilon.
  7516 | D:7      | Reached skill level 5 in Conjurations
  7605 | D:7      | Found a radiant altar of Vehumet.
  7611 | D:7      | Became a worshipper of Vehumet
  7628 | D:7      | Found a staircase to the Ecumenical Temple.
  7633 | Temple   | Entered the Ecumenical Temple
  7948 | D:7      | Reached skill level 7 in Spellcasting
  8315 | D:7      | Reached XP level 10. HP: 34/56 MP: 8/20
  8732 | D:8      | Reached * piety under Vehumet
  8732 | D:8      | Offered knowledge of Foxfire by Vehumet.
  8810 | D:8      | Identified a scroll of acquirement
  8810 | D:8      | Acquired the Book of Toxic Snow
  8894 | D:8      | Noticed Maurice
  9041 | D:8      | Found Luas's Book Boutique.
  9570 | D:8      | Killed Maurice
  9571 | D:8      | Reached skill level 5 in Ice Magic
  9838 | D:9      | Noticed Joseph
  9853 | D:9      | Killed Joseph
 10057 | D:9      | Reached skill level 1 in Shields
 10142 | D:9      | Learned a level 4 spell: Hailstorm
 10224 | D:9      | Noticed Erolcha
 10251 | D:9      | Killed Erolcha
 10462 | D:9      | Reached skill level 8 in Spellcasting
 10759 | D:10     | Entered Level 10 of the Dungeon
 10850 | D:10     | Found a shadowy altar of Dithmenos.
 10893 | D:10     | Reached XP level 11. HP: 55/62 MP: 5/23
 11038 | D:10     | Found a staircase to the Lair.
 11111 | D:10     | Noticed a two-headed ogre
 11118 | D:10     | Killed a two-headed ogre
 11119 | D:10     | Reached skill level 5 in Fighting
 11438 | D:10     | Noticed Erica
 11443 | D:10     | Killed Erica
 11671 | D:10     | Offered knowledge of Static Discharge by Vehumet.
 11718 | D:10     | Reached ** piety under Vehumet
 11785 | D:10     | Noticed a two-headed ogre
 11789 | D:10     | Killed a two-headed ogre
 12048 | D:10     | Noticed a red ugly thing
 12055 | D:10     | Killed a green ugly thing
 12056 | D:10     | Reached skill level 5 in Staves
 12083 | D:10     | Noticed a fire dragon
 12095 | D:10     | Killed a fire dragon
 12143 | D:10     | Identified the ring "Ykaubyas" {rF+ Str+2 SInv}
 12143 | D:10     | Noticed an orc knight
 12228 | D:10     | Identified the ring "Cuarat" {Wiz Will+}
 12228 | D:10     | Noticed a death knight
 12250 | D:10     | Killed a death knight
 12251 | D:10     | Reached skill level 9 in Spellcasting
 12479 | D:10     | Learned a level 5 spell: Freezing Cloud
 12599 | D:10     | Killed an orc knight
 12600 | D:10     | Reached skill level 5 in Evocations
 12600 | D:10     | Reached XP level 12. HP: 44/69 MP: 9/25
 12762 | D:10     | Identified the ring of Weisyl {Ice Int+6 Dex-4 Slay+4}
 12767 | D:10     | Identified the ring of Kostrak {rN+++ Will++ rCorr Int-3}
 13033 | D:10     | Noticed a centaur warrior
 13037 | D:10     | Killed a centaur warrior
 13039 | D:10     | Reached skill level 5 in Dodging
 13039 | D:10     | Offered knowledge of Scorch by Vehumet.
 13623 | Lair:1   | Entered Level 1 of the Lair of Beasts
 13714 | Lair:1   | Reached *** piety under Vehumet
 13746 | Lair:1   | Noticed a four-headed hydra
 13751 | Lair:1   | Killed a four-headed hydra
 14292 | Lair:1   | You fall into a shaft and drop 1 floor!
 14664 | Lair:2   | Identified the amulet "Fischaigi" {Reflect Rampage rPois
                  | Will+ Int-3 SH+5 SInv}
 14853 | Lair:2   | Reached skill level 5 in Shields
 15065 | Lair:2   | Found a staircase to the Shoals.
 15145 | Lair:2   | Offered knowledge of Airstrike by Vehumet.
 15473 | Lair:2   | Reached skill level 10 in Spellcasting
 16078 | Lair:2   | Reached XP level 13. HP: 74/76 MP: 17/27
 16448 | Lair:3   | Found a hole to the Spider Nest.
 16457 | Lair:3   | Reached **** piety under Vehumet
 16586 | Lair:3   | Found a dark tunnel.
 16592 | Volcano  | Entered a volcano
 16776 | Volcano  | Reached skill level 10 in Earth Magic
 16909 | Lair:3   | Offered knowledge of Sticky Flame by Vehumet.
 17272 | Lair:3   | Identified the +6 long sword of Conscience {venom, rPois}
 17340 | Lair:3   | Found a runed translucent gate.
 17340 | Lair:3   | Found a runed translucent gate.
 17340 | Lair:3   | Found a runed translucent gate.
 17361 | Lair:3   | Noticed fedoskokos's ghost (journeyman TrFi)
 17660 | Lair:4   | Found a viscous altar of Jiyva.
 17660 | Lair:4   | Found a staircase to the Slime Pits.
 17750 | Lair:4   | Identified the +6 mace of Noclomm {drain, Str+4}
 18066 | Lair:4   | Identified the +10 plate armour "Heriogh" {rElec}
 18828 | Lair:5   | Entered Level 5 of the Lair of Beasts
 18887 | Lair:5   | Reached ***** piety under Vehumet
 19098 | Lair:5   | Offered knowledge of Ozocubu's Refrigeration by Vehumet.
 19107 | Lair:5   | Learned a level 7 spell: Ozocubu's Refrigeration
 19445 | Lair:5   | Gained mutation: Your large and strong wings let you fly.
                  | [Gargoyle growth]
 19445 | Lair:5   | Reached XP level 14. HP: 73/83 MP: 17/28
 19505 | Lair:5   | Reached skill level 11 in Spellcasting
 20767 | Lair:5   | Learned a level 2 spell: Passwall
 21729 | D:4      | Killed Menkaure
 21741 | D:4      | Identified the +11 spear of Guile {vorpal, Int+2}
 21802 | D:4      | Learned a level 1 spell: Apportation
 22175 | D:11     | Noticed Lodul
 22181 | D:11     | Killed Lodul
 22471 | D:11     | Identified the ring "Diomm" {rElec rF+ Will- Dex+4 SInv}
 22621 | D:11     | Found a sparkling altar of Nemelex Xobeh.
 23860 | D:12     | Found a staircase to the Orcish Mines.
 23919 | D:12     | Reached XP level 15. HP: 78/89 MP: 24/30
 24468 | Orc:1    | Entered Level 1 of the Orcish Mines
 24476 | Orc:1    | Noticed Gastronok
 24487 | Orc:1    | Killed Gastronok
 24488 | Orc:1    | Reached skill level 12 in Spellcasting
 24568 | Orc:1    | Found Lik Yssah's Vocational Training.
 24606 | Orc:1    | Noticed Urug
 24758 | Orc:1    | Killed Urug
 24825 | Orc:2    | Entered Level 2 of the Orcish Mines
 25156 | Orc:2    | Found a staircase to the Elven Halls.
 25446 | Orc:2    | Offered knowledge of Spellforged Servitor by Vehumet.
 25495 | Orc:2    | Found Qassir's Weapon Boutique.
 26168 | Orc:2    | Reached skill level 10 in Conjurations
 26417 | Orc:2    | Found Orruop's Assorted Antiques.
 26417 | Orc:2    | Found Iklesua's Weapon Boutique.
 26424 | Orc:2    | Bought 2 silver javelins for 62 gold pieces
 26543 | Orc:2    | Bought a potion of heal wounds for 180 gold pieces
 26820 | Orc:2    | Found Jizecs's Armour Emporium.
 26820 | Orc:2    | Found Ysoun's Jewellery Boutique.
 27243 | Orc:2    | Upgraded the game from 0.30-a0-29-g142975f185 to
                  | 0.30-a0-34-gbe8da3892a
 27243 | Orc:2    | Upgraded the game from 0.30-a0-34-gbe8da3892a to
                  | 0.30-a0-42-g806c11bf1d
 27243 | Orc:2    | Upgraded the game from 0.30-a0-42-g806c11bf1d to
                  | 0.30-a0-57-g8b159a9891
 27467 | Spider:1 | Entered Level 1 of the Spider Nest
 27467 | Spider:1 | Noticed Plasmagod's ghost (adept DrTm)
 27467 | Spider:1 | Noticed an emperor scorpion
 27467 | Spider:1 | Found a runed translucent door.
 27473 | Spider:1 | Noticed a ghost moth
 27476 | Lair:3   | Killed an emperor scorpion
 27596 | Lair:3   | Killed a ghost moth
 28020 | Spider:1 | HP: 1/91 [pharaoh ant (24)]
 28020 | Spider:1 | Mangled by a pharaoh ant

Illustrated notes

Levels and vault maps discovered:
D:1:      lightli_arrival_noodles, layout_loops_ring
D:2:      layout_basic, minmay_tromino_i2, uniq_jessica
D:3:      layout_loops_ring, xom_redecorated, gammafunk_temple_overflow_claw,
          dreamdust_ecumenical_altar_angels_and_demons
D:4:      layout_loops_cross, gammafunk_temple_of_torment,
          mainiacjoe_overflow_24_doors, chequers_hall_statues_corner_a,
          minmay_statues_item, uniq_ijyb, uniq_edmund, uniq_grinder
D:5:      layout_basic, elyvilon_altar_3, cheibrodos_sewer_entry_drain,
          grunt_ministairs_15
D:6:      kennysheep_kobold_camp, layout_basic
D:7:      layout_cave_pods, vehumet_statue, minmay_temple_entry_glassed_door
D:8:      layout_loops_ring, nicolae_stop_n_shop_2, uniq_maurice
D:9:      layout_cave_pools, nrook_loot_triangle, uniq_erolcha, uniq_joseph
D:10:     minmay_the_grid_triangle_9x9_rhombus_full
          [minmay_the_grid_triangle_9x9_zippers_horizontal,
          minmay_the_grid_triangle_9x9_warning,
          minmay_the_grid_triangle_9x9_dagger,
          minmay_the_grid_triangle_9x9_from_above,
          minmay_the_grid_triangle_9x9_thin_v,
          minmay_the_grid_triangle_9x9_sprig,
          minmay_the_grid_triangle_9x9_stretched_checkered,
          minmay_the_grid_triangle_9x9_prize_special], layout_cave_pools,
          nicolae_dithmenos_through_a_glass_darkly, grunt_potential, uniq_erica
D:11:     layout_stronghold, nicolae_concentric_dashed_squares_wild,
          nemelex_spade_bored_becter, uniq_lodul
D:12:     layout_grid_maze, david_orc_3
Temple:   nicolae_temple_ecumenical_triangle
Lair:1:   layout_regular_city, grunt_megastairs_1
Lair:2:   layout_regular_city, minmay_shoals_entry_lonely_mermaid,
          kennysheep_rathole, grunt_megastairs_4, serial_bayou_shore_b
Lair:3:   layout_misc_corridors, hellmonk_spider_entry_not_the_bees,
          nicolae_volcano_entry_hallway, ebering_ghost_rock_garden,
          st_stairs_13, wad_woods_road_02, gammafunk_lair_bear_cave
Lair:4:   layout_roguey, minmay_slime_entry_pillars, lemuel_fruit_tree,
          grunt_megastairs_2
Lair:5:   minmay_lair_end_enchanted_forest, layout_gridlike
Spider:1: gammafunk_sealed_arena, hellmonk_ghost_happy_afterlife, uniq_roxanne
Orc:1:    layout_caves, nicolae_shop_vocational, uniq_gastronok, uniq_urug
Orc:2:    st_orc_town, layout_diamond_mine, serial_shops,
          nicolae_shop_bloodbath_and_beyond

Skill      XL: |  1  2  3  4  5  6  7  8  9 10 11 12 13 14 15 |
---------------+----------------------------------------------+-----
Earth Magic    | 4 5 6 7 8 9 10 11 | 11.9
Spellcasting   | 3 4 5 6 7 8 9 10 11 12 | 12.5
Conjurations   | 1 2 3 4 5 6 7 8 9 10 | 10.2
Ice Magic      | 1 2 3 4 5 6 7 8 9 |  9.4
Fighting       | 2 3 4 5 6 7 8 9 |  9.4
Dodging        | 2 3 4 5 6 7 |  7.5
Evocations     | 2 3 4 5 6 7 |  7.9
Staves         | 1 3 4 5 6 7 8 |  8.0
Shields        | 2 3 5 6 7 |  7.0
Stealth        | |  2.1
Transmutations | |  0.7

Action                   |  1- 3 |  4- 6 |  7- 9 | 10-12 | 13-15 || total
-------------------------+-------+-------+-------+-------+-------++-------
Melee: Long sword        |     2 |     6 |       |       |       ||     8
       Flail             |       |       |    23 |     4 |     4 ||    31
       Punch             |       |       |     1 |       |       ||     1
       Mace              |       |       |       |     3 |       ||     3
       Spear             |       |       |       |       |    67 ||    67
 Cast: Sandblast         |    36 |    67 |   212 |   197 |   258 ||   770
       Frozen Ramparts   |       |       |     7 |    62 |    71 ||   140
       Stone Arrow       |       |       |    11 |    35 |    94 ||   140
       Hailstorm         |       |       |       |    47 |   133 ||   180
       Freezing Cloud    |       |       |       |     2 |    19 ||    21
       Ozocubu's Refrige |       |       |       |       |    16 ||    16
Evoke: Wand              |       |       |     1 |    19 |    17 ||    37
       Tin of tremorston |       |       |       |       |     4 ||     4
  Use: Scroll            |       |     7 |     6 |    17 |     6 ||    36
       Potion            |       |       |     3 |     3 |     4 ||    10
 Stab: Sleeping          |     1 |       |       |       |       ||     1
Armor: Robe              |     3 |    10 |    54 |       |       ||    67
       Steam dragon scal |       |       |    13 |    88 |   207 ||   308
Dodge: Dodged            |     6 |    22 |    90 |   110 |   245 ||   473
Block: Buckler           |       |       |       |    26 |    83 ||   109

Table legend: (Time is in decaauts)
 A = Elapsed time spent in this place.
 B = Non-inter-level travel time spent in this place.
 C = Inter-level travel time spent in this place.
 D = Time resting spent in this place.
 E = Time spent auto-exploring this place.
 F = Levels seen in this place.
 G = Mean time per level.
                   A        B        C        D        E       F      G
               +--------+--------+--------+--------+--------+-----+--------+
         Total |  28447 |  26463 |   1984 |  10748 |   8885 |  22 | 1293.0 |
       Dungeon |  16827 |  15650 |   1177 |   6063 |   6022 |  12 | 1402.2 |
        Temple |     56 |     56 |      0 |      0 |      0 |   1 |   56.0 |
          Lair |   8305 |   7729 |    576 |   3499 |   2278 |   5 | 1661.0 |
   Spider Nest |    122 |    122 |      0 |     39 |      3 |   1 |  122.0 |
  Orcish Mines |   2822 |   2593 |    229 |   1055 |    582 |   2 | 1411.0 |
       Volcano |    312 |    312 |      0 |     92 |      0 |   1 |  312.0 |
               +--------+--------+--------+--------+--------+-----+--------+

Top non-repeatable levels by time:
    D:10: 2936 daAuts
  Lair:5: 2569 daAuts
   Orc:2: 2067 daAuts
     D:5: 1717 daAuts
  Lair:2: 1650 daAuts
  Lair:3: 1595 daAuts
     D:4: 1516 daAuts
    D:12: 1485 daAuts
     D:7: 1479 daAuts
  Lair:4: 1454 daAuts
     D:6: 1342 daAuts
    D:11: 1169 daAuts
     D:2: 1167 daAuts
     D:8: 1126 daAuts
  Lair:1: 1035 daAuts
